AoeStats
← CrazyBen

Black Forest

507076411Analyzed
4v4 RM · 16d ago on Sep 16, 2026· 35m 39s· 8 players
Game mode
Random Map
Map size
Large (8 player)
Population
200
Speed
Normal
Resources
Standard
Victory
Conquest
Starting age
Dark Age
Ending age
Imperial Age
RankedLock teamsTeams togetherTeam positionsShared explorationLock speedFull tech treeHidden civsTurbo modeCheats
Victory
Defeat
🇬🇧 Cumans · United Kingdom
1570
+12
🇮🇳 Burgundians · India
1550
+13
🇨🇳 Koreans · China
1531
+14
🇮🇳 Cumans · India
1525
+14
🇲🇽 Saracens · Mexico
1563
-17
🇩🇪 Bohemians · Germany
1502
-14
🇦🇷 Persians · Argentina
1449
-12
🇫🇷 Malay · France
1408
-10
SbS | Havoc
4:46 Loom
10:37 Feudal Age
11:13 Man-at-Arms
12:02 Town Watch
13:42 Arson
13:47 Double-Bit Axe
23:40 Horse Collar
32:06 Wheelbarrow
CrazyBen
12:15 Feudal Age
12:58 Feudal Age
13:07 Double-Bit Axe
15:51 Castle Age
15:06 Loom
16:05 Bow Saw
28:49 Wheelbarrow
31:54 Forging
33:21 Fletching
34:18 Ballistics
Lauti
11:21 Feudal Age
15:26 Castle Age
14:03 Double-Bit Axe
13:59 Horse Collar
16:18 Bow Saw
21:44 Wheelbarrow
26:47 Imperial Age
25:38 Hand Cart
25:49 Scale Mail Armor
26:00 Forging
27:03 Chain Mail Armor
26:59 Forging
26:14 Pikeman
26:55 Squires
28:14 Chemistry
27:44 Halberdier
28:19 Loom
28:20 Town Watch
29:34 Plate Mail Armor
29:39 Iron Casting
30:28 Iron Casting
31:29 Arson
32:08 Conscription
32:35 Elite War Elephant
33:23 Stone Mining
33:23 Gold Mining
33:23 Stone Mining
33:23 Gold Mining
34:49 Fletching
35:37 Ballistics
35:28 Masonry
Dragonair Shiny
1:15 Loom
12:17 Feudal Age
17:27 Castle Age
18:11 Double-Bit Axe
24:10 Bow Saw
24:23 Horse Collar
26:08 Wheelbarrow
28:45 Gold Mining
33:17 Imperial Age
31:33 Hand Cart
31:04 Town Watch
32:10 Scale Barding Armor
32:02 Gold Mining
33:30 Forging
33:18 Stone Mining
34:52 Chain Barding Armor
34:51 Husbandry
35:01 Bloodlines
Frankie Fast Hands
10:19 Feudal Age
11:02 Double-Bit Axe
11:34 Fletching
12:48 Loom
24:52 Castle Age
24:38 Gold Mining
24:35 Horse Collar
26:04 Thumb Ring
28:44 Gold Shaft Mining
28:35 Capped Ram
29:43 Bodkin Arrow
30:28 Caravan
34:06 Wheelbarrow
35:08 Ballistics
EMPEROR98265292
0:55 Loom
12:00 Feudal Age
21:44 Double-Bit Axe
25:51 Castle Age
24:24 Bow Saw
24:26 Horse Collar
24:53 Scale Mail Armor
27:01 Forging
28:16 Chain Mail Armor
29:35 Squires
30:49 Iron Casting
23
9:26 Loom
12:18 Feudal Age
17:13 Castle Age
15:22 Double-Bit Axe
15:48 Horse Collar
24:14 Wheelbarrow
24:40 Bow Saw
24:33 Heavy Plow
24:46 Heavy Plow
24:53 Gold Mining
31:01 Imperial Age
28:48 Hand Cart
30:24 Scale Mail Armor
30:35 Forging
30:26 Squires
29:47 Pikeman
31:40 Steppe Husbandry
31:56 Bloodlines
32:53 Chain Mail Armor
31:59 Halberdier
33:10 Conscription
32:32 Cavalier
34:27 Plate Mail Armor
34:59 Chemistry
35:17 Ballistics
knife
1:53 Loom
10:59 Feudal Age
17:04 Castle Age
16:31 Double-Bit Axe
16:27 Horse Collar
18:26 Bow Saw
24:33 Wheelbarrow
25:50 Hand Cart
25:44 Heavy Plow
30:58 Imperial Age
29:23 Eupseong
30:04 Scale Mail Armor
30:14 Forging
30:46 Pikeman
31:26 Squires
31:46 Masonry
31:26 Arrowslits
32:42 Chemistry
32:39 Conscription
31:52 Elite Fire Lancer
34:11 Architecture
34:18 Iron Casting
35:46 Chain Mail Armor
35:16 Pikeman
36:07 Caravan
36:18 Guilds
Connection lost

Rejoining the realm…

Still unreachable

The connection could not be restored.

Session expired

The server has moved on; the page needs a fresh start.